 Dungeon Crawl Stone Soup version 0.30-a0-341-g682706514a (webtiles) character file.

Game seed: 9400485287527588871

156 Decritt the Magician (level 5, -1/39 HPs)
             Began as a Djinni Air Elementalist on Nov 4, 2022.
             Slain by an iguana (9 damage)
             ... on level 4 of the Dungeon.
             The game lasted 00:05:17 (3137 turns).

Decritt the Magician (Djinni Air Elementalist)      Turns: 3137, Time: 00:05:18

Health: -1/39      AC:  7    Str:  7    XL:     5   Next: 65%
Gold:   118        EV: 12    Int: 19    God:
                   SH:  0    Dex: 13

rFire   + + +      SeeInvis .    (no weapon)
rCold   x . .      Faith    .    (no shield)
rNeg    . . .      Spirit   .    a - +0 robe
rPois   ∞          Reflect  .    h - +2 helmet
rElec   .          Harm     .    i - +1 cloak
rCorr   .          Rampage  .    (no gloves)
Will    .....                    (boots unavailable)
Stlth   ++........               (no amulet)
HPRegen 0.26/turn                k - ring of protection from fire
MPRegen 0.00/turn                (no ring)

@: flying
A: sickness immunity, fire resistance 2, cold vulnerability 1, float, innate
caster, HP casting, extra vitality 1
a: no special abilities


You were on level 4 of the Dungeon.
You visited 1 branch of the dungeon, and saw 4 of its levels.

You collected 118 gold pieces.

Inventory:

Armour
 a - a +0 robe (worn)
 h - a +2 helmet (worn)
 i - a +1 cloak (worn)
Jewellery
 k - a ring of protection from fire (left hand)
 n - a ring of resist corrosion
Scrolls
 q - a scroll of immolation
Potions
 c - 2 potions of heal wounds
 e - a potion of haste {unknown}
 g - a potion of flight {unknown}
 m - a potion of magic {unknown}
 o - 2 potions of attraction {unknown}
 p - a potion of curing {unknown}


   Skills:
 + Level 2.6 Fighting
 - Level 2.1 Dodging
 - Level 1.5 Stealth
 * Level 4.0 Spellcasting


You couldn't memorise any spells.
You knew the following spells:

 Your Spells              Type           Power      Damage    Failure   Level
a - Shock                 Conj/Air       76%        1d7       2%          1
b - Airstrike             Air            9%         2d(2-18)  26%         4
c - Searing Ray           Conj           38%        2d5       4%          2
d - Static Discharge      Conj/Air       38%        2-4/arc   4%          2
e - Swiftness             Air            19%        N/A       8%          3
f - Apportation           Tloc           38%        N/A       2%          1
Your spell library was empty.

Dungeon Overview and Level Annotations

Branches:
Dungeon (4/15)             Temple (0/1) D:4

Altars:
Ashenzari
The Shining One

Shops:
D:3 :

Annotations:
D:3 3 runed translucent doors, Loefaen's ghost, amateur MeRe; borntocrawl's ghost, amateur HuVM


Innate Abilities, Weirdness & Mutations

You are immune to sickness and miasma.
You are immune to poison.
Your flesh is very heat resistant. (rF++)
You are vulnerable to cold. (rC-)
You float through the air rather than walking.
You learn spells naturally, not from books.
Your magical power is your life essence.
You have superior vitality. (+4 MHP)


Message History

* * * LOW HITPOINT WARNING * * *
The orc barely misses you. The orc attacks as you move away!
The orc closely misses you.
There is an open door here.
Casting: Shock (safe; 2% risk of failure)
Confirm with . or Enter, or press ? or * to list all spells.
Aiming: Shock (safe; 2% risk of failure)
Press: ? - help, Shift-Dir - straight line The zap hits the orc.
You kill the orc!
* * * LOW HITPOINT WARNING * * *
The iguana misses you.
Casting: Shock (safe; 2% risk of failure)
Confirm with . or Enter, or press ? or * to list all spells.
Aiming: Shock (safe; 2% risk of failure)
Press: ? - help, Shift-Dir - straight line, f - iguana
Aim: an iguana (75% to hit)
The zap hits the iguana!
The iguana is heavily wounded.
* * * LOW HITPOINT WARNING * * *
The iguana closely misses you.
Casting: Shock (safe; 2% risk of failure)
Confirm with . or Enter, or press ? or * to list all spells.
Aiming: Shock (safe; 2% risk of failure)
Press: ? - help, Shift-Dir - straight line, f/p - iguana
Aim: an iguana (heavily wounded, 75% to hit)
The zap hits the iguana.
The iguana is severely wounded.
* * * LOW HITPOINT WARNING * * *
The iguana bites you.
* * * LOW HITPOINT WARNING * * *
Casting: Shock (safe; 2% risk of failure)
Confirm with . or Enter, or press ? or * to list all spells.
Aiming: Shock (safe; 2% risk of failure)
Press: ? - help, Shift-Dir - straight line, f/p - iguana
Aim: an iguana (severely wounded, 75% to hit)
The zap misses the iguana.
* * * LOW HITPOINT WARNING * * *
The iguana bites you!
You die...

,,,**,,*#..*#..##..#**********,,*
,,,**,,*#..##...<).,,,,,,* *,,,*
,,,*,,,,#.........,,,,,,,* *,,,*
,,,*,,,,*........,,,,,,,,* *,,,*
,,,*,,,,*,,.....,,,,,,,,,* *,,,*
,,,+,,,,*,,*#.)#*,,**,,,,* *,,,*
,,,*,,,,*,,*#..#####*,,,** *,,,*
,********,,*#..l#..######* *,,,*
** ****,,*#..)@........# *,,,*
*,,,,,,#...#........# *,,,*
*,,,,,*#####..##..(.# *,,,*
*,,,,,*#..##..##....# *,,,*
****,,*#..'.........# *,,,*
****#..#.........# *,,,*
#..##.......[# *,,,*
#..##........# *,,,*
#..##..##....# *,,,*


You could see an iguana.

Vanquished Creatures
  Jessica (D:3)
  A gnoll (D:3)
  5 adders
  2 worms (D:2)
  2 dart slugs
  7 orcs
  5 endoplasms
  3 giant cockroaches (D:2)
  8 goblins
  6 hobgoblins
  A quokka (D:2)
  5 ball pythons
  6 bats
  A frilled lizard (D:1)
  4 kobolds
  2 rats (D:2)
59 creatures vanquished.

Notes
Turn   | Place    | Note
-------+----------+-------------------------------------------
     0 | D:1      | Decritt the Djinni Air Elementalist began the quest for the
                  | Orb.
     0 | D:1      | Decritt set off with the following spells memorised: Shock,
                  | Static Discharge, Swiftness, Airstrike.
     0 | D:1      | Reached XP level 1. HP: 15/15 MP: 0/0
   231 | D:1      | Reached XP level 2. HP: 21/22 MP: 0/0
   818 | D:1      | Reached skill level 1 in Fighting
  1360 | D:2      | Reached skill level 3 in Spellcasting
  1360 | D:2      | Reached XP level 3. HP: 10/27 MP: 0/0
  1360 | D:2      | Learned a level 1 spell: Apportation
  1694 | D:2      | Found a glowing golden altar of the Shining One.
  1959 | D:2      | Reached XP level 4. HP: 31/32 MP: 0/0
  2336 | D:3      | Found Dicsuerig's Book Shoppe.
  2424 | D:3      | Noticed Jessica
  2429 | D:3      | Killed Jessica
  2430 | D:3      | Reached XP level 5. HP: 26/38 MP: 0/0
  2430 | D:3      | Learned a level 2 spell: Searing Ray
  2657 | D:3      | Found a broken altar of Ashenzari.
  2730 | D:3      | Found a runed translucent gate.
  2730 | D:3      | Found a runed translucent gate.
  2730 | D:3      | Found a runed translucent gate.
  2733 | D:3      | Noticed borntocrawl's ghost (amateur HuVM)
  2733 | D:3      | Noticed Loefaen's ghost (amateur MeRe)
  3129 | D:4      | Reached skill level 4 in Spellcasting
  3137 | D:4      | Slain by an iguana

Illustrated notes

Levels and vault maps discovered:
D:1:      psy_arrival_spokes, layout_basic
D:2:      layout_loops_ring, basic_altar, minmay_unequal
D:3:      layout_basic, nicolae_ashenzari_panopticon, serial_shops, shop_statue,
          gammafunk_ghost_cemetery, minmay_increasing_density, uniq_jessica
D:4:      layout_gridville, mainiacjoe_overflow_small_starburst,
          minmay_temple_entry_antechambers

Skill      XL: |  1  2  3  4  5 |
---------------+----------------+-----
Fighting       | 1 2 |  2.6
Spellcasting   | 3 4 |  4.0
Dodging        | |  2.1
Stealth        | |  1.5

Action                   |  1- 3 |  4- 6 || total
-------------------------+-------+-------++-------
Melee: Unarmed           |     3 |       ||     3
 Cast: Shock             |    82 |    69 ||   151
       Searing Ray       |       |     1 ||     1
  Use: Scroll            |       |     6 ||     6
Armor: Robe              |     3 |     5 ||     8
Dodge: Dodged            |    14 |    13 ||    27

Table legend: (Time is in decaauts)
 A = Elapsed time spent in this place.
 B = Non-inter-level travel time spent in this place.
 C = Inter-level travel time spent in this place.
 D = Time resting spent in this place.
 E = Time spent auto-exploring this place.
 F = Levels seen in this place.
 G = Mean time per level.
                   A        B        C        D        E       F      G
               +--------+--------+--------+--------+--------+-----+--------+
         Total |   3135 |   3052 |     83 |    328 |   2395 |   4 |  783.8 |
       Dungeon |   3135 |   3052 |     83 |    328 |   2395 |   4 |  783.8 |
               +--------+--------+--------+--------+--------+-----+--------+

Top non-repeatable levels by time:
     D:1: 1215 daAuts
     D:2: 936 daAuts
     D:3: 927 daAuts
     D:4: 56 daAuts
